 Dungeon Crawl Stone Soup version 0.29-a0-1009-g60c99734e7 (webtiles) character file.

Game seed: 10003743939730794295

201569 Mesmaeker13 the Black Belt (level 18, -5/125 HPs)
             Began as an Octopode Transmuter on Aug 8, 2022.
             Was a Believer of Ashenzari.
             Constricted to death by a naga warrior (6 damage)
             ... on level 2 of the Snake Pit.
             The game lasted 01:50:37 (45727 turns).

Mesmaeker13 the Black Belt (Octopode Transmuter)   Turns: 45727, Time: 01:50:38

Health: -5/125     AC:  1    Str: 21    XL:     18   Next: 55%
Magic:  12/32      EV: 15    Int: 29    God:    Ashenzari [**....]
Gold:   2238       SH:  5    Dex: 11    Spells: 4/38 levels left

rFire   + + .      SeeInvis +     - Unarmed
rCold   + . .      Faith    .   (no shield)
rNeg    + + +      Spirit   .   (helmet restricted)
rPois   +          Reflect  +   I - amulet of reflection
rElec   .          Harm     .   f - ring of Ashenzari's Blue Moon {rF+ Will+ Int+6 Dex-2, Melee, Cun} (curse)
rCorr   .          Rampage  .   C - ring "Gopsul" {rPois rN+ Will+ Str+4}
Will    ++++.      Archmagi +   D - ring of Supernal Wisdom {EV+5, Comp, Self} (curse)
Stlth   ++........              s - ring "Unveiling Omen" {Str+6, Melee, Bglg} (curse)
HPRegen 0.30/turn               H - ring "Cursed With Me" {rF+ rN++ Will+ Int+2, Melee, Elem} (curse)
MPRegen 0.23/turn               y - ring of protection from cold
                                v - ring of flight
                                e - ring of the Mage {Wiz Archmagi, Fort, Melee} (curse)

@: forested, flying, constricted
A: almost no armour, amphibious, 8 rings, camouflage 1, gelatinous body 1,
(nimble swimmer 1), tentacles
}: 1/15 runes: decaying
a: Renounce Religion, Curse Item, Shatter the Chains


You were on level 2 of the Snake Pit.
You worshipped Ashenzari.
Ashenzari was pleased with you.
You visited 6 branches of the dungeon, and saw 29 of its levels.
You also visited: Sewer.

You collected 4915 gold pieces.
You spent 2677 gold pieces at shops.

Inventory:

Hand Weapons
 t - the +9 hand axe of the Loving Goat {spect, Will+ SInv}
   (You took it off a hobgoblin on level 4 of the Dungeon)

   When its wielder attacks, the weapon's spirit leaps out and strikes again.
   The spirit shares a part of any damage it takes with its wielder.
   SInv:      It lets you see invisible.
   Will:      It increases your willpower.
Missiles
 L - 3 throwing nets (quivered)
 Q - 5 curare-tipped darts
Jewellery
 e - the cursed ring of the Mage (on tentacle) {Wiz Archmagi, Fort, Melee}
   (You bought it in a shop on level 2 of the Orcish Mines)

   [ring of wizardry]

   It improves your spell success rate.
   Archmagi:  It increases the power of your magical spells.
   It has a curse which improves the following skills: Fortitude: Shields.
   Melee Combat: Short Blades, Long Blades, Axes, Maces & Flails, Polearms,
   Staves and Unarmed Combat.
 f - the cursed ring of Ashenzari's Blue Moon (left tentacle) {rF+ Will+ Int+6 Dex-2, Melee, Cun}
   (You bought it in a shop on level 6 of the Dungeon)

   [ring of intelligence]

   Int:       It affects your intelligence (+6).
   Dex:       It affects your dexterity (-2).
   rF:        It protects you from fire.
   Will:      It increases your willpower.
   It has a curse which improves the following skills: Melee Combat: Short
   Blades, Long Blades, Axes, Maces & Flails, Polearms, Staves and Unarmed
   Combat.
   Cunning:   Dodging and Stealth.
 s - the cursed ring "Unveiling Omen" (on tentacle) {Str+6, Melee, Bglg}
   (You found it on level 3 of the Lair of Beasts)

   [ring of strength]

   Str:       It affects your strength (+6).
   It has a curse which improves the following skills: Melee Combat: Short
   Blades, Long Blades, Axes, Maces & Flails, Polearms, Staves and Unarmed
   Combat.
   Beguiling: Conjurations, Hexes and Translocations.
 v - a ring of flight (on tentacle)
 y - a ring of protection from cold (on tentacle)
 C - the ring "Gopsul" (right tentacle) {rPois rN+ Will+ Str+4}
   (You found it on level 12 of the Dungeon)

   [ring of willpower]

   Str:       It affects your strength (+4).
   rPois:     It protects you from poison.
   rN:        It protects you from negative energy.
   Will:      It increases your willpower.
 D - the cursed ring of Supernal Wisdom (on tentacle) {EV+5, Comp, Self}
   (You bought it in a shop on level 6 of the Dungeon)

   [ring of evasion]

   EV:        It affects your evasion (+5).
   It has a curse which improves the following skills: Companions: Summonings
   and Necromancy.
   Introspection: Fighting and Spellcasting.
 H - the cursed ring "Cursed With Me" (on tentacle) {rF+ rN++ Will+ Int+2, Melee, Elem}
   (You found it on level 4 of the Lair of Beasts)

   [ring of protection from fire]

   Int:       It affects your intelligence (+2).
   rF:        It protects you from fire.
   rN:        It greatly protects you from negative energy.
   Will:      It increases your willpower.
   It has a curse which improves the following skills: Melee Combat: Short
   Blades, Long Blades, Axes, Maces & Flails, Polearms, Staves and Unarmed
   Combat.
   Elements:  Fire Magic, Ice Magic, Air Magic and Earth Magic.
 I - an amulet of reflection (around mantle)
 P - a ring of fire
Wands
 l - a wand of charming (14)
 G - a wand of flame (41)
 O - a wand of mindburst (7)
Scrolls
 a - 4 scrolls of summoning
 b - 4 scrolls of silence
 c - 13 scrolls of teleportation
 i - 3 scrolls of fear
 k - 5 scrolls of poison
 o - 3 scrolls of blinking
 p - 7 scrolls of immolation
 q - 2 scrolls of magic mapping
 r - 2 scrolls of enchant armour
 u - 3 scrolls of butterflies
 x - 5 scrolls of noise
 z - 5 scrolls of vulnerability
 M - a scroll of amnesia
Potions
 d - a potion of flight
 g - 2 potions of cancellation
 h - 5 potions of attraction
 j - 7 potions of heal wounds
 m - 9 potions of haste
 n - 4 potions of curing
 A - 4 potions of berserk rage
 B - 2 potions of resistance
 E - 6 potions of brilliance
 F - 2 potions of lignification
 J - 2 potions of ambrosia
 N - 3 potions of might
Miscellaneous
 w - a tin of tremorstones (inert)
 K - a condenser vane
 R - a phantom mirror


   Skills:
 - Level 10.5(11.7) Fighting
 - Level 2.0(3.0) Dodging
 + Level 16.8(19.7) Unarmed Combat
 - Level 9.3(10.6) Spellcasting
 - Level 5.8(7.0) Summonings
 - Level 11.4(12.6) Translocations
 + Level 16.7 Transmutations
 - Level 11.2(12.4) Ice Magic
 + Level 6.6(7.9) Earth Magic
 - Level 6.2 Poison Magic


You had 4 spell levels left.
You knew the following spells:

 Your Spells              Type           Power      Damage    Failure   Level
a - Manifold Assault      Tloc           93%        N/A       1%          5
b - Wereblood             Tmut           100%       N/A       0%          2
c - Summon Forest         Summ/Tloc      41%        N/A       1%          5
d - Ice Form              Ice/Tmut       99%        N/A       1%          4
e - Blink                 Tloc           100%       N/A       1%          2
f - Call Canine Familiar  Summ           71%        N/A       1%          3
g - Dragon Form           Tmut           53%        N/A       1%          7
h - Statue Form           Tmut/Erth      61%        N/A       1%          6

Your spell library contained the following spells:

 Spells                   Type           Power      Damage    Failure   Level
 Apportation              Tloc           100%       N/A       0%          1
 Beastly Appendage        Tmut           100%       N/A       0%          1
 Freeze                   Ice            100%       1d11      0%          1
 Foxfire                  Conj/Fire      96%        2x1d8     1%          1
 Magic Dart               Conj           96%        1d7       1%          1
 Necrotise                Necr           96%        1d8       1%          1
 Sandblast                Erth           100%       2d20      1%          1
 Summon Small Mammal      Summ           100%       N/A       1%          1
 Ensorcelled Hibernation  Hex/Ice        100%       N/A       1%          2
 Passwall                 Tmut/Erth      76%        N/A       1%          2
 Searing Ray              Conj           48%        2d6       1%          2
 Static Discharge         Conj/Air       24%        3-6/arc   1%          2
 Frozen Ramparts          Ice            100%       1d16      1%          3
 Gell's Gravitas          Tloc           93%        N/A       1%          3
 Ignite Poison            Fire/Tmut/Pois 74%        N/A       1%          3
 Lesser Beckoning         Tloc           93%        N/A       1%          3
 Mephitic Cloud           Conj/Pois/Air  42%        N/A       1%          3
 Portal Projectile        Hex/Tloc       100%       N/A       1%          3
 Spider Form              Tmut/Pois      89%        N/A       1%          3
 Stone Arrow              Conj/Erth      100%       3d13      1%          3
 Summon Guardian Golem    Hex/Summ       53%        N/A       1%          3
 Teleport Other           Tloc           93%        N/A       1%          3
 Hailstorm                Conj/Ice       67%        3d14      1%          4
 Iskenderun's Mystic Bla  Conj/Tloc      68%        2d14      1%          4
 Petrify                  Tmut/Erth      92%        N/A       1%          4
 Summon Ice Beast         Ice/Summ       82%        N/A       1%          4
 Conjure Flame            Conj/Fire      24%        6-21      4%          3
 Dazzling Flash           Conj/Hex       48%        N/A       4%          3
 Inner Flame              Hex/Fire       24%        N/A       4%          3
 Anguish                  Hex/Necr       12%        N/A       13%         4
 Dispel Undead            Necr           24%        3d12      13%         4
 Flame Wave               Conj/Fire      24%        2d8       13%         4
 Fulminant Prism          Conj/Hex       12%        3d9       13%         4
 Sticky Flame             Conj/Fire      24%        2d5       13%         4
 Blade Hands              Tmut           53%        N/A       1%          5
 Irradiate                Conj/Tmut      38%        3d24      1%          5
 Eringya's Noxious Bog    Tmut/Pois      44%        N/A       1%          6
 Metabolic Englaciation   Hex/Ice        33%        N/A       3%          5
 Ozocubu's Refrigeration  Ice            46%        4d17      8%          7
 Simulacrum               Ice/Necr       33%        N/A       16%         6
 Fireball                 Conj/Fire      12%        3d7       34%         5
 Disjunction              Tloc           46%        N/A       45%         8
 Summon Hydra             Summ           35%        N/A       52%         7
 Starburst                Conj/Fire      12%        6d5       87%         6
 Fire Storm               Conj/Fire      12%        8d3       100%        9


Dungeon Overview and Level Annotations

Branches:
Dungeon (15/15)            Temple (1/1) D:4            Lair (5/5) D:9
  Swamp (4/4) Lair:3        Snake (2/4) Lair:2        Slime (0/5) Lair:5
    Orc (2/2) D:9             Elf (0/3) Orc:2        Vaults (0/5) D:14
 Depths (0/4) D:15          Sewer (visited)

Altars:
Ashenzari
Cheibriados
Dithmenos
Elyvilon
Fedhas
Gozag
Hepliaklqana
Kikubaaqudgha
Makhleb
Nemelex Xobeh
Okawaru
Qazlal
Ru
Sif Muna
Trog
Uskayaw
Vehumet
Wu Jian
Xom
Yredelemnul
Zin
The Shining One
Jiyva

Shops:
D:4 ?   D:6 =!   D:10 *   D:11 *   D:14 !   Orc:2 =[:!:

Portals:
Abyss: D:14
Trove: D:14 (give 15 scrolls of teleportation)

Annotations:
D:6 exclusion: 3 doors
D:9 exclusions: door and 4 more exclusions
D:12 1 exclusion
D:14 2 transporters, Moink's ghost, journeyman DrCj
Lair:3 exclusion: oklob plant
Lair:5 1 runed translucent door, exclusions: oklob plant and 1 more exclusion
Swamp:2 1 runed translucent door, 2 transporters, exclusion: orange crystal statue, Alokieb's ghost, adept MiFi


Innate Abilities, Weirdness & Mutations

You cannot wear most types of armour.
You are amphibious.
You can wear up to eight rings at the same time.
Your skin changes colour to match your surroundings (Stealth+).
Your rubbery body absorbs attacks. (AC +1, EV +1)
((You are camouflaged when in or above water. (Stealth+)))
You have tentacles for arms and can constrict up to eight enemies at once.


Message History

A naga warrior comes into view. It is wielding a +0 glaive.
Your dryad hits the salamander but does no damage.
The salamander shoots an arrow.
The arrow hits your dryad. The arrow burns your dryad.
A tree reaches out and hits the salamander!
The naga warrior is hit by a branch!
The salamander is hit by a branch!
A tree reaches out and hits the naga warrior!
Your dryad hits the salamander but does no damage.
The salamander unwields a +0 shortbow of flaming.
It stops flaming.
The salamander hits your dryad.
Your dryad is engulfed in flames!!
Your dryad is burned terribly!
Your dryad dies!
Your dryad's corpse disappears in a puff of smoke!
The forest abruptly stops moving.
Unknown command.
The naga warrior closely misses you.
The salamander wields a +0 shortbow of flaming.
It bursts into flame!
The salamander shoots an arrow.
The arrow misses you.
The naga warrior hits you from afar with a +0 glaive!!
Unknown command.
You revert to your normal fleshy form.
The salamander shoots an arrow.
The arrow barely misses you. The naga warrior spits poison at you.
The splash of poison hits you. You resist.
You barely miss the salamander. You grab the salamander.
The salamander is almost dead.
You constrict the salamander. You bludgeon the salamander!
You kill the salamander!
The naga warrior hits you with a +0 glaive!!!
The naga warrior grabs you. The naga warrior constricts you.
Things that are here:
a +0 battleaxe; 24 gold pieces; a naga corpse You tentacle-slap the naga warrior.
The naga warrior is heavily wounded.
The naga warrior hits you with a +0 glaive!!!
* * * LOW HITPOINT WARNING * * *
The naga warrior constricts you.
You die...

#.......♣.♣##* .. ,
,
#....#♣.♣...##.##.
, #....
#.#......... ,
#...**#....♣##... ,
...#♣♣♣..........,,
,, ...
#.......♣#..,
.....♣.....♣♣ *
#...#♣...♣N.# * ,
#...♣.....@.#, ,
#.. #.......# , ,
.. ....#♣)♣♣# ,
,##♣#..))#*,,, * *
, * , #..))# ,* * ,
.....). *, **
♣♣#.... , ,,,
,,.....* * ...##. *
*


You could see a naga warrior (strong, catching breath).

Vanquished Creatures
  A tentacled monstrosity (Swamp:2)
  Frances (D:12)
  3 thorn hunters (Swamp:4)
  2 fenstrider witches
  Louise (D:14)
  A stone giant (D:15)
  A vampire knight (Swamp:4)
  4 eleionomae
  5 bunyips
  Josephine (D:12)
  A shambling mangrove (Swamp:4)
  6 boulder beetles
  8 vault guards (D:14)
  15 hydras
  4 anacondas
  Erolcha (D:10)
  Erica (D:9)
  3 ogre magi (Orc:2)
  2 catoblepae
  3 naga warriors (Snake:1)
  5 centaur warriors
  3 ghost crabs (Swamp:4)
  13 two-headed ogres
  4 tengu warriors
  5 death yaks
  Urug (Orc:1)
  10 alligators
  2 shock serpents (Snake:2)
  An orc high priest (Orc:2)
  3 skeletal warriors (D:14)
  3 naga sharpshooters (Snake:1)
  7 goliath frogs
  A flayed ghost (Swamp:4)
  9 bog bodies
  2 spectral hydras (Swamp:4)
  10 swamp dragons
  A naga ritualist (Snake:1)
  A deep elf archer (D:12)
  3 deep elf pyromancers
  7 ugly things
  An orc knight (D:15)
  3 wolf spiders
  3 oklob plants (Swamp:4)
  7 cyclopes
  2 salamanders
  2 manticores
  A will-o-the-wisp (Swamp:3)
  A salamander (shapeshifter) (D:14)
  17 black mambas
  3 gargoyles
  2 unseen horrors
  3 naga magi
  A torpor snail (Lair:5)
  2 kobold demonologists (D:11)
  10 komodo dragons
  10 cane toads
  A freezing wraith (D:15)
  A rime drake (Lair:5)
  11 polar bears
  3 death drake zombies (Swamp:4)
  2 hydra zombies (Swamp:4)
  2 tyrant leeches (Swamp:3)
  8 hornets
  3 meliai (D:13)
  10 trolls
  9 slime creatures
  A raiju (Lair:5)
  5 dream sheep (Lair:3)
  3 death drake skeletons (Swamp:4)
  A vampire (Lair:1)
  7 spriggans
  A shadow (D:9)
  4 wyverns
  10 wraiths
  A shapeshifter (D:12)
  55 yaks
  4 basilisks
  A steam dragon (D:9)
  6 vampire mosquitoes
  8 wargs
  Edmund (D:6)
  13 swamp worms
  19 nagas
  4 hydra simulacra (Swamp:4)
  16 hell hounds (Lair:5)
  4 acid dragons (D:12)
  17 water moccasins
  6 swamp drakes
  2 sky beasts
  10 orc warriors
  An ice beast (D:7)
  A swamp dragon zombie (Swamp:4)
  12 black bears
  A black bear (shapeshifter) (D:13)
  13 ogres
  7 centaurs
  20 wolves
  2 phantoms
  4 kobold brigands
  4 gnoll sergeants
  A scorpion (D:7)
  11 bullfrogs
  3 wights (D:7)
  26 killer bees (D:9)
  3 electric eels
  5 howler monkeys
  5 hounds
  A gnoll bouda (D:6)
  2 jellies
  14 orc priests
  An iguana (D:5)
  15 orc wizards
  22 gnolls
  11 adders
  A shadow imp (D:7)
  4 white imps
  43 orcs
  14 endoplasms
  11 giant cockroaches
  12 goblins
  9 hobgoblins
  5 jackals
  38 kobolds
  9 quokkas
  18 ball pythons
  3 bats
  9 frilled lizards
  11 rats
  A briar patch (Swamp:4)
845 creatures vanquished.

Vanquished Creatures (collateral kills)
  A thorn hunter (Swamp:4)
  A vampire knight (Swamp:4)
  A shambling mangrove (Swamp:1)
  A hydra (Lair:5)
  Harold (D:11)
  An ogre mage (Orc:2)
  5 two-headed ogres
  A death knight (D:12)
  A tengu warrior (D:15)
  An alligator (Swamp:1)
  A naga warrior (Snake:2)
  A naga sharpshooter (Snake:2)
  2 goliath frogs
  A bog body (Swamp:1)
  4 swamp dragons (Swamp:4)
  3 spriggan druids (Swamp:4)
  An orc sorcerer (Orc:2)
  A will-o-the-wisp (Swamp:1)
  An ugly thing (D:12)
  A cyclops (D:12)
  A mana viper (Snake:2)
  A black mamba (Snake:2)
  A death drake zombie (Swamp:4)
  A hydra zombie (Swamp:4)
  2 tyrant leeches
  4 hornets
  A death drake skeleton (Swamp:4)
  A vampire (D:12)
  A yak (D:12)
  A vampire mosquito (D:12)
  3 swamp worms
  4 nagas
  An orc warrior (Orc:2)
  2 swamp drakes (Swamp:4)
  16 ogres (Orc:2)
  A swamp dragon skeleton (Swamp:4)
  3 orc priests (Orc:2)
  2 orc wizards
  5 orcs (Orc:2)
  13 briar patches (Swamp:4)
94 creatures vanquished.

Vanquished Creatures (others)
  A yaktaur (shapeshifter) (D:14)
  A howler monkey (D:14)
  4 foxfires (Swamp:3)
  29 fungi
  77 plants
  10 snaplasher vines
122 creatures vanquished.

Grand Total: 1061 creatures vanquished

Notes
Turn   | Place    | Note
-------+----------+-------------------------------------------
     0 | D:1      | Mesmaeker13 the Octopode Transmuter began the quest for the
                  | Orb.
     0 | D:1      | Reached XP level 1. HP: 13/13 MP: 3/3
    28 | D:1      | Found a faded altar of an unknown god.
   140 | D:1      | Reached XP level 2. HP: 14/18 MP: 3/5
   539 | D:1      | Reached XP level 3. HP: 23/23 MP: 4/6
   976 | D:2      | Learned a level 2 spell: Wereblood
  1246 | D:2      | Found a white marble altar of Elyvilon.
  1319 | D:2      | Reached XP level 4. HP: 20/28 MP: 5/8
  2037 | D:2      | Learned a level 3 spell: Spider Form
  2042 | D:2      | Identified 2 scrolls of acquirement
  2167 | D:3      | Reached skill level 1 in Poison Magic
  2212 | D:3      | Reached XP level 5. HP: 25/33 MP: 9/9
  2535 | D:3      | Noticed a phantom
  2544 | D:3      | Killed a phantom
  2589 | D:3      | Found a glowing drain.
  2593 | Sewer    | Entered a sewer
  2687 | Sewer    | Learned a level 4 spell: Ice Form
  2695 | Sewer    | Reached XP level 6. HP: 38/38 MP: 9/11
  3717 | Sewer    | Reached skill level 1 in Ice Magic
  4072 | D:3      | Reached XP level 7. HP: 42/43 MP: 9/12
  4234 | D:3      | Acquired Ovvuac's Excursus on Dislocation and the Volcanoes
  4740 | D:4      | Noticed a wyvern
  4754 | D:4      | Killed a wyvern
  4755 | D:4      | Reached skill level 5 in Unarmed Combat
  5069 | D:4      | Identified the +9 hand axe of the Loving Goat {spect, Will+
                  | SInv}
  5347 | D:4      | Found a staircase to the Ecumenical Temple.
  5354 | Temple   | Entered the Ecumenical Temple
  5354 | Temple   | Found a transporter.
  5354 | Temple   | Found a transporter.
  5356 | Temple   | Found a transporter.
  5356 | Temple   | Found a transporter.
  5663 | D:4      | Found Ivia's Magic Scroll Shoppe.
  5824 | D:5      | Entered Level 5 of the Dungeon
  5937 | D:5      | Reached XP level 8. HP: 37/48 MP: 13/13
  6057 | D:5      | Reached skill level 5 in Transmutations
  6847 | D:6      | Reached skill level 5 in Poison Magic
  7347 | D:6      | Found Cedghete's Distillery.
  7442 | D:6      | Noticed Edmund
  7654 | D:6      | Found a radiant altar of Vehumet.
  7877 | D:6      | Found an ornate altar of the Wu Jian Council.
  7883 | D:6      | Found a bloodstained altar of Trog.
  8031 | D:6      | Reached XP level 9. HP: 20/53 MP: 9/14
  8296 | D:6      | Found Neanebof's One-of-a-Kind Rings.
  8443 | D:6      | Killed Edmund
  8681 | D:6      | Found a shadowy altar of Dithmenos.
  8691 | D:6      | Acquired 1040 gold pieces
  8748 | D:6      | Bought the ring of Karghot {rF+ Will+ Int+6 Dex-2} for 668
                  | gold pieces
  8755 | D:6      | Learned a level 2 spell: Blink
  8858 | D:7      | Found a glowing silver altar of Zin.
  9028 | D:7      | Reached skill level 1 in Translocations
  9231 | D:7      | Reached skill level 5 in Ice Magic
  9963 | D:7      | Found a burning altar of Makhleb.
 10366 | D:8      | Reached XP level 10. HP: 58/58 MP: 10/15
 10493 | D:8      | Found a broken altar of Ashenzari.
 10506 | D:8      | Became a worshipper of Ashenzari the Shackled
 12508 | D:9      | Reached skill level 5 in Translocations
 12611 | D:9      | Noticed Erica
 12699 | D:9      | Found a staircase to the Orcish Mines.
 12850 | D:9      | Found a staircase to the Lair.
 13221 | D:9      | Reached XP level 11. HP: 67/67 MP: 11/16
 13386 | Lair:1   | Entered Level 1 of the Lair of Beasts
 13415 | Lair:1   | HP: 3/80 [something (6)]
 13960 | Lair:1   | HP: 3/81 [black mamba (5)]
 14528 | Lair:1   | Found a sparkling altar of Nemelex Xobeh.
 15163 | D:6      | Bought a +5 ring of evasion for 715 gold pieces
 15286 | Lair:2   | Learned a level 5 spell: Manifold Assault
 16038 | Lair:2   | Noticed a catoblepas
 16057 | Lair:2   | Killed a catoblepas
 16606 | Lair:2   | Reached skill level 5 in Fighting
 16616 | Lair:2   | Noticed a death yak
 16629 | Lair:2   | Killed a death yak
 16759 | Lair:2   | Noticed a death yak
 16759 | Lair:2   | Noticed a death yak
 16762 | Lair:2   | Noticed a death yak
 16784 | Lair:2   | Killed a death yak
 17173 | Lair:2   | Reached XP level 12. HP: 66/77 MP: 12/17
 17861 | Lair:2   | Found a staircase to the Snake Pit.
 18248 | Lair:3   | Reached skill level 10 in Unarmed Combat
 18554 | Lair:3   | Found a glowing golden altar of the Shining One.
 18985 | Lair:3   | Reached skill level 10 in Transmutations
 19289 | Lair:3   | Found a staircase to the Swamp.
 19328 | Lair:3   | Found a blossoming altar of Fedhas.
 19882 | Lair:4   | Identified the +9 trident of Qeycyur {speed, rPois rN+}
 20138 | Lair:4   | Noticed a boulder beetle
 20148 | Lair:4   | Killed a boulder beetle
 20378 | Lair:4   | Reached * piety under Ashenzari
 20499 | Lair:4   | Identified the ring of the Skies Above {rF+ rN++ Will+
                  | Int+2}
 20931 | Lair:4   | Noticed a boulder beetle
 20941 | Lair:4   | Killed a boulder beetle
 21639 | Lair:5   | Entered Level 5 of the Lair of Beasts
 21644 | Lair:5   | Learned a level 3 spell: Call Canine Familiar
 21646 | Lair:5   | Noticed an eight-headed hydra
 21656 | Lair:5   | Killed an eight-headed hydra
 21657 | Lair:5   | Reached XP level 13. HP: 88/88 MP: 2/19
 21960 | Lair:5   | Reached skill level 10 in Ice Magic
 22093 | Lair:5   | Found a runed translucent door.
 22093 | Lair:5   | Found a viscous altar of Jiyva.
 22093 | Lair:5   | Found a staircase to the Slime Pits.
 23297 | Lair:5   | Reached XP level 14. HP: 97/97 MP: 19/21
 24943 | D:9      | Killed Erica
 24944 | D:9      | Reached skill level 10 in Translocations
 25078 | D:10     | Entered Level 10 of the Dungeon
 25323 | D:10     | Noticed Erolcha
 25335 | D:10     | Killed Erolcha
 25371 | D:10     | Found Leinnes's Hallowed Reliquary.
 25371 | D:10     | Noticed an angel
 25379 | D:10     | Bought a potion of heal wounds for 60 gold pieces
 26176 | Orc:1    | Entered Level 1 of the Orcish Mines
 26196 | Orc:1    | Learned a level 5 spell: Summon Forest
 26208 | Orc:1    | Found a bloodstained altar of Trog.
 26877 | Orc:2    | Entered Level 2 of the Orcish Mines
 27067 | Orc:2    | Found a staircase to the Elven Halls.
 27173 | Orc:2    | Reached ** piety under Ashenzari
 27311 | Orc:1    | Noticed Urug
 27337 | Orc:1    | Killed Urug
 27670 | Orc:2    | Found Cenarig's Jewellery Boutique.
 27675 | Orc:2    | Bought the ring of the Mage {Wiz Archmagi} for 714 gold
                  | pieces
 27675 | Orc:2    | Found the ring of the Mage {Wiz Archmagi}
 27777 | Orc:2    | Reached XP level 15. HP: 105/105 MP: 18/22
 28016 | Orc:2    | Found Gyibuivo's Antique Armour Boutique.
 28016 | Orc:2    | Found Nikhlaif's Book Emporium.
 28027 | Orc:2    | Paralysed by an ogre mage for 5 turns
 28810 | Orc:2    | Found Nievust's Distillery.
 28833 | Orc:2    | Found Ighozeer's Book Shop.
 29261 | D:11     | Found Baejoreoj's Assorted Antiques.
 29555 | D:11     | Reached skill level 10 in Fighting
 29636 | D:11     | Noticed Harold
 29644 | D:11     | Killed Harold
 30309 | D:12     | Reached skill level 5 in Summonings
 30871 | D:12     | Identified the +9 arbalest of the Imbibing Gods {flame,
                  | rElec rPois Str-3 Dex+10}
 31119 | D:12     | Identified the ring "Gopsul" {rPois rN+ Will+ Str+4}
 31184 | D:12     | Noticed Frances
 31205 | D:12     | Killed Frances
 32265 | D:12     | Noticed Josephine
 32280 | D:12     | Killed Josephine
 32359 | D:12     | Reached XP level 16. HP: 89/114 MP: 18/24
 32384 | D:12     | Identified the +2 ring mail of the Soldier {rCorr}
 32850 | D:12     | Reached skill level 5 in Spellcasting
 34789 | Orc:2    | Bought a book of Transfigurations for 520 gold pieces
 34799 | Orc:2    | Learned a level 7 spell: Dragon Form
 35118 | D:14     | Found a gate to the Vaults.
 35395 | D:14     | Found Erphuosas's Distillery.
 35581 | D:14     | Found a transporter.
 35582 | D:14     | Found a transporter.
 35590 | D:14     | Noticed Louise
 35599 | D:14     | Killed Louise
 35600 | D:14     | Identified the ring "Okiagop" {Ice Int+3}
 35630 | D:14     | Found a bloodstained altar of Trog.
 36066 | D:14     | Found a portal to a secret trove of treasure.
 36149 | D:14     | Identified the ring "Adierex" {Fly rF- MP+9 Int+4 Dex+6}
 36162 | D:14     | Found a one-way gate to the infinite horrors of the Abyss.
 36162 | D:14     | Noticed Moink's ghost (journeyman DrCj)
 36173 | D:14     | Noticed a tentacled monstrosity
 36831 | D:15     | Entered Level 15 of the Dungeon
 38131 | D:15     | Found a staircase to the Depths.
 38699 | Snake:1  | Entered Level 1 of the Snake Pit
 38851 | Swamp:1  | Entered Level 1 of the Swamp
 39481 | Swamp:1  | Reached XP level 17. HP: 101/119 MP: 26/30
 39740 | Swamp:1  | Identified the +1 quarterstaff "Yqid" {speed, Stlth+}
 40326 | Swamp:2  | Found a runed translucent door.
 40327 | Swamp:2  | Found a shimmering altar of Xom.
 40327 | Swamp:2  | Noticed Alokieb's ghost (adept MiFi)
 40370 | Swamp:2  | Reached skill level 15 in Unarmed Combat
 40463 | Swamp:2  | Noticed a tentacled monstrosity
 40469 | Swamp:2  | Killed a tentacled monstrosity
 40632 | Swamp:2  | Identified the Meditations on Conflagrant Displacement
 40676 | Swamp:2  | Reached skill level 15 in Transmutations
 40828 | Swamp:2  | Found a transporter.
 40832 | Swamp:2  | Identified the +6 falchion of Bustrirown {drain, rF+ Str+4
                  | Dex+2}
 40842 | Swamp:2  | Found a transporter.
 41536 | Swamp:3  | Acquired 700 gold pieces
 41545 | Swamp:3  | Acquired 749 gold pieces
 41549 | Swamp:3  | Acquired the Folio of the Nimbus and the Winter
 42565 | Swamp:3  | Learned a level 6 spell: Statue Form
 42572 | Swamp:4  | Entered Level 4 of the Swamp
 42596 | Swamp:4  | Reached skill level 1 in Earth Magic
 43301 | Swamp:4  | Reached XP level 18. HP: 125/125 MP: 7/32
 43344 | Swamp:4  | Found a basalt altar of Yredelemnul.
 43347 | Swamp:4  | Got a decaying rune of Zot
 44081 | Swamp:4  | Found a blossoming altar of Fedhas.
 44090 | Swamp:4  | Reached skill level 5 in Earth Magic
 45727 | Snake:2  | HP: 1/125 [naga warrior/+0 glaive (38)]
 45727 | Snake:2  | Constricted to death by a naga warrior

Illustrated notes

Levels and vault maps discovered:
D:1:      dpeg_arrival_leaves_temple_mockup, layout_basic,
          chequers_ecumenical_altar_island
D:2:      layout_loops_ring, basic_altar
D:3:      minmay_skewed_foursquare, layout_loops_ring, portal_sewer_entry_e
D:4:      layout_basic, minmay_temple_entry_proselytizer, serial_shops,
          nicolae_shop_waterfront
D:5:      layout_loops_corners, lexackson_kobold_supper
D:6:      layout_layer_cave, lemuel_coloured_pillars_altar,
          mainiacjoe_overflow_big_doors, kennysheep_mini, serial_shops,
          nicolae_shop_advertising_works [nicolae_subvault_shop_adworks],
          chequers_serial_rivers_small_b, nicolae_shop_unique_rings, uniq_edmund
D:7:      layout_basic, mainiacjoe_overflow_24_doors, lemuel_tele_altar
D:8:      layout_loops_ring, evilmike_ruin_ashenzari
D:9:      layout_basic, lair_entry_dummy, orc_0_dummy, uniq_erica
D:10:     layout_cave_pods, nicolae_good_shop, uniq_erolcha
D:11:     layout_loops_ring, serial_shops, nicolae_shop_trees, uniq_harold
D:12:     minmay_spiral_squares, layout_irregular_city, uniq_frances,
          uniq_josephine
D:13:     layout_irregular_city
D:14:     layout_layer_cave, erik_vaults_2, gammafunk_ghost_abyssal_escape,
          enter_trove_3, serial_shops, shop, trog_three_pillars_becter,
          uniq_louise
D:15:     grunt_enter_depths_snipers, layout_gridville, serial_rivers,
          chequers_serial_rivers_small_b, chequers_serial_rivers_marsh,
          chequers_serial_rivers_room_b, chequers_serial_rivers_micro_c,
          chequers_serial_rivers_marsh
Temple:   hellmonk_temple_divided_pantheon
Lair:1:   layout_loops_ring, basic_altar
Lair:2:   layout_regular_city, guppyfry_snake_entry_island, serial_bayou_lake_a
Lair:3:   layout_hall_layers, swamp_mist_pool, basic_altar,
          hangedman_tree_tricks
Lair:4:   layout_roguey, grunt_megastairs_2, serial_bayou_shore_b,
          wad_woods_river_01
Lair:5:   hangedman_lair_caniforms_friends, layout_gridlike, slime_entry_2,
          nicolae_lair_lil_pond, serial_bayou_pond_b, serial_bayou_pond_e,
          serial_bayou_shore_b, infiniplex_staircase_pool_2
Swamp:1:  layout_basic_swamp, nicolae_swamp_long_stream
Swamp:2:  gammafunk_sealed_arena, layout_basic_swamp, ebering_ghost_xom,
          evilmike_swamp_ruin_rubble_2
Swamp:3:  layout_basic_swamp, nicolae_swamp_feature_on_the_river_bank,
          swamp_pool4
Swamp:4:  byrel_swamp_growth_death_and_undeath, layout_basic_swamp, swamp_pool1,
          nicolae_swamp_round_clearing, nicolae_swamp_triple_paths,
          nicolae_swamp_snake_nest
Snake:1:  layout_grid_shapes
Snake:2:  layout_misc_corridors, nicolae_elevator_lobby_plus
Orc:1:    layout_caves, basic_altar, hangedman_feature_mirror, uniq_urug
Orc:2:    st_orc_ogre_mass, layout_diamond_mine, serial_shops, shop,
          basic_altar, nicolae_orc_lava_room

Skill      XL: |  1  2  3  4  5  6  7  8  9 10 11 12 13 14 15 16 17 18 |
---------------+-------------------------------------------------------+-----
Transmutations | 3 4 5 7 8 9 10 11 13 14 16 | 16.7
Spellcasting   | 3 4 7 9 |  9.3
Poison Magic   | 1 2 3 4 6 |  6.2
Unarmed Combat | 4 5 6 7 8 9 10 11 12 13 14 16 | 16.8
Ice Magic      | 1 3 4 6 7 8 9 10 11 | 11.2
Translocations | 3 5 7 8 9 10 11 | 11.4
Fighting       | 3 5 7 8 9 10 | 10.5
Summonings     | 2 3 5 |  5.8
Earth Magic    | 4 6 |  6.6
Dodging        | |  2.0

Action                   |  1- 3 |  4- 6 |  7- 9 | 10-12 | 13-15 | 16-18 || total
-------------------------+-------+-------+-------+-------+-------+-------++-------
Melee: Unarmed           |    75 |   141 |   231 |   611 |   603 |   676 ||  2337
       Constrict         |    24 |    21 |    12 |     3 |     1 |    17 ||    78
       Kick              |    17 |    25 |     9 |       |       |       ||    51
       Tentacles         |    14 |    14 |     6 |     7 |     1 |    47 ||    89
       Punch             |     2 |     1 |     2 |     2 |       |    35 ||    42
       Hand axe          |       |       |    21 |    11 |     4 |    13 ||    49
       Bite              |       |       |       |       |       |     6 ||     6
       Tailslap          |       |       |       |       |       |     6 ||     6
Throw: Dart              |       |       |    12 |     4 |       |       ||    16
       Throwing net      |       |       |     1 |     3 |       |       ||     4
 Cast: Beastly Appendage |    23 |    26 |    10 |       |       |       ||    59
       Wereblood         |     1 |       |    11 |    22 |    21 |     6 ||    61
       Spider Form       |       |     5 |     7 |     1 |       |       ||    13
       Ice Form          |       |       |    21 |    59 |    57 |    44 ||   181
       Manifold Assault  |       |       |       |     2 |    25 |    83 ||   110
       Call Canine Famil |       |       |       |     1 |    18 |    20 ||    39
       Summon Forest     |       |       |       |       |    10 |    23 ||    33
       Dragon Form       |       |       |       |       |       |     9 ||     9
       Statue Form       |       |       |       |       |       |    21 ||    21
       Blink             |       |       |       |       |       |     1 ||     1
Invok: Curse Item        |       |       |       |     2 |     2 |     1 ||     5
 Abil: End Transformatio |       |       |       |     1 |       |     1 ||     2
       Breathe Fire      |       |       |       |       |       |     5 ||     5
Evoke: Wand              |       |       |       |    12 |    10 |     4 ||    26
       Condenser vane    |       |       |       |       |     3 |     3 ||     6
       Tin of tremorston |       |       |       |       |       |     3 ||     3
  Use: Scroll            |       |     5 |    11 |    14 |     5 |     7 ||    42
       Potion            |       |     2 |     1 |     8 |     1 |       ||    12
 Stab: Sleeping          |     3 |     9 |     2 |       |     1 |     1 ||    16
       Distracted        |       |     1 |       |       |       |     5 ||     6
       Confused          |       |       |       |       |     1 |       ||     1
Armor: Skin              |     4 |    13 |    43 |   147 |   114 |   259 ||   580
Dodge: Dodged            |    47 |    67 |   122 |   272 |   296 |   355 ||  1159
Block: Other             |       |       |       |       |    81 |   124 ||   205
       Reflection        |       |       |       |       |     3 |     4 ||     7

Table legend: (Time is in decaauts)
 A = Elapsed time spent in this place.
 B = Non-inter-level travel time spent in this place.
 C = Inter-level travel time spent in this place.
 D = Time resting spent in this place.
 E = Time spent auto-exploring this place.
 F = Levels seen in this place.
 G = Mean time per level.
                   A        B        C        D        E       F      G
               +--------+--------+--------+--------+--------+-----+--------+
         Total |  45891 |  43338 |   2553 |  11017 |  22902 |  30 | 1529.7 |
       Dungeon |  22814 |  21357 |   1457 |   3959 |  12981 |  15 | 1520.9 |
        Temple |     35 |     26 |      9 |      0 |      6 |   1 |   35.0 |
          Lair |  11737 |  11193 |    544 |   4065 |   4849 |   5 | 2347.4 |
         Swamp |   5732 |   5498 |    234 |   1487 |   2628 |   4 | 1433.0 |
     Snake Pit |   1281 |   1259 |     22 |    148 |    885 |   2 |  640.5 |
  Orcish Mines |   3046 |   2762 |    284 |    585 |   1385 |   2 | 1523.0 |
         Sewer |   1244 |   1244 |      0 |    772 |    168 |   1 | 1244.0 |
               +--------+--------+--------+--------+--------+-----+--------+

Top non-repeatable levels by time:
    D:12: 2969 daAuts
  Lair:1: 2846 daAuts
  Lair:5: 2641 daAuts
     D:9: 2606 daAuts
  Lair:2: 2469 daAuts
     D:6: 2186 daAuts
 Swamp:4: 2161 daAuts
    D:14: 1958 daAuts
  Lair:4: 1929 daAuts
  Lair:3: 1850 daAuts
    D:15: 1668 daAuts
   Orc:2: 1634 daAuts
     D:4: 1518 daAuts
   Orc:1: 1412 daAuts
     D:8: 1308 daAuts
